cohdb
Replays
Latest Replays
All Replays
Popular Replays
Top Player Replays
Match Explorer
How It Works
Community
CoH3 Stats
Reddit
Sign in to upload your games and track your stats! →
Sign in with Steam
Match 42091600
Unlisted
Match 42091600
Overview
Messages
Build Orders
End
Engineer Squad
Construct Barracks
Riflemen Squad
Riflemen Squad
Riflemen Squad
Construct Medical Station
Grenade Package
Engineer Squad
Infantry Support Center
Riflemen Squad
Construct Motor Pool
M8 Greyhound Armored Car
M1 Anti-tank Gun Team
Construct Tank Depot
Papercut_GR
Nubbl0r
0
0
Comments
sign in to comment!
No comments posted yet!